 Dungeon Crawl Stone Soup version 0.25-a0-317-g5f8687bca5 (webtiles) character file.

Game seed: 10823456765499053682, levelgen mode: classic

204 Borgoz the Twirler (level 5, -3/45 HPs)
             Began as a Gargoyle Gladiator on Dec 25, 2019.
             Slain by an ogre
             ... wielding a +0 giant spiked club
              (8 damage)
             ... on level 4 of the Dungeon.
             The game lasted 00:04:02 (2641 turns).

Borgoz the Twirler (Gargoyle Gladiator)             Turns: 2641, Time: 00:04:03

Health: -3/45      AC: 15    Str: 25    XL:     5   Next: 82%
Magic:  5/5        EV:  9    Int:  9    God:
Gold:   167        SH:  0    Dex: 12    Spells: 4/4 levels left

rFire    . . .     SeeInvis .   a - +0 quarterstaff
rCold    . . .     Gourm    .   (shield currently unavailable)
rNeg     + . .     Faith    .   m - +0 chain mail
rPois    ∞         Spirit   .   e - +0 helmet
rElec    +         Reflect  .   (no cloak)
rCorr    .         Harm     .   h - +0 pair of gloves
MR       .....                  (no boots)
Stlth    ..........             (no amulet)
HPRegen  0.15/turn              b - +3 ring of strength
MPRegen  0.09/turn              (no ring)

@: berserking, very quick
A: negative energy resistance 1, electricity resistance, unbreathing,
petrification resistance, rot immunity, AC +4
a: no special abilities


You were on level 4 of the Dungeon.
You were not hungry.

You visited 1 branch of the dungeon, and saw 4 of its levels.

You collected 167 gold pieces.

Inventory:

Hand Weapons
 a - a +0 quarterstaff (weapon)
Missiles
 d - 3 throwing nets (quivered)
Armour
 e - a +0 helmet (worn)
 h - a +0 pair of gloves (worn)
 m - a +0 chain mail (worn)
Jewellery
 b - a +3 ring of strength (left hand)
Scrolls
 c - a scroll of teleportation {unknown}
 g - 2 scrolls of noise {unknown}
 j - 3 scrolls of remove curse {unknown}
 l - 3 scrolls of fear {unknown}
 n - a scroll of random uselessness {unknown}
 o - a scroll of amnesia {unknown}
 r - a scroll of enchant weapon {unknown}
Potions
 i - a potion of invisibility
 p - 3 potions of brilliance
 q - a potion of berserk rage
Comestibles
 f - 4 rations


   Skills:
 - Level 2.1 Fighting
 * Level 5.0 Staves
 - Level 1.7 Throwing
 + Level 2.6 Armour
 + Level 3.3 Dodging


You had 4 spell levels left.
You didn't know any spells.
Your spell library was empty.

Dungeon Overview and Level Annotations

Branches:
Dungeon (4/15)
 Temple: D:4-7

Altars:
Dithmenos
Makhleb
Zin


Innate Abilities, Weirdness & Mutations

You are resistant to torment.
Your stone body is resilient. (AC +4)
You are immune to poison.
You resist negative energy. (rN+)
You are resistant to electric shocks. (rElec)
You can survive without breathing.
You are immune to petrification.
You are immune to rotting.


Message History

You sock the ogre!
The ogre is severely wounded.
The ogre struggles against the net.
The phantom hits you.
* * * LOW HITPOINT WARNING * * *
The phantom blinks!
You hit the ogre.
The ogre is severely wounded.
The ogre struggles against the net.
The phantom hits you but does no damage.
The ogre struggles against the net.
You catch the helpless ogre completely off-guard!
You hit the ogre.
The ogre is severely wounded.
The phantom hits you but does no damage.
The ogre struggles against the net.
The net rips apart, and the ogre comes free!
A red film seems to cover your vision as you go berserk!
You feel yourself moving faster!
You feel mighty!
The phantom blinks!
The ogre hits you with a +0 giant spiked club!
You die...

#.# #.# #.# #.# #.#
#.# #.# ## #.# #.# .
#.# ##.##.#
##.####.###...#.#####
.........##...§......
#.....<.....@O....#.
#...###.$###..##)#.#
. #..........#
#........$...
##..##.?####.#
#.....W. . ##.##..##
.##..#


You could see a phantom and an ogre.

Vanquished Creatures
  A hound (D:4)
  6 adders
  An ooze (D:1)
  6 worms
  3 leopard geckos
  5 orcs (D:3)
  7 giant cockroaches
  9 goblins
  14 hobgoblins
  10 jackals
  6 kobolds
  A quokka (D:2)
  9 bats
  2 frilled lizards
  5 rats
85 creatures vanquished.

Notes
Turn   | Place    | Note
-------+----------+-------------------------------------------
     0 | D:1      | Borgoz the Gargoyle Gladiator began the quest for the Orb.
     0 | D:1      | Reached XP level 1. HP: 12/12 MP: 1/1
   244 | D:1      | Reached XP level 2. HP: 6/17 MP: 2/2
   395 | D:1      | Reached skill level 1 in Armour
   827 | D:2      | Reached XP level 3. HP: 21/21 MP: 3/3
   849 | D:2      | Noticed a blizzard demon
   850 | D:2      | Found a burning altar of Makhleb.
   853 | D:2      | Found a glowing silver altar of Zin.
   853 | D:2      | Noticed an angel
  1242 | D:2      | Reached skill level 4 in Staves
  1258 | D:2      | Reached XP level 4. HP: 26/26 MP: 4/4
  1847 | D:2      | Reached XP level 5. HP: 12/30 MP: 5/5
  2162 | D:3      | Found a shadowy altar of Dithmenos.
  2609 | D:4      | Noticed a phantom
  2613 | D:4      | Reached skill level 5 in Staves
  2628 | D:4      | Noticed an ogre
  2641 | D:4      | Slain by an ogre

Levels and vault maps discovered:
D:1:      dpeg_arrival_rooms_b, layout_rooms
D:2:      layout_loops_corners, grunt_temple_overflow_order_and_chaos_2,
          uniq_jessica
D:3:      layout_rooms, grunt_dithmenos_smoke
D:4:      layout_loops_ring, kennysheep_little_box, first_ration,
          kennysheep_big_empty_room

Skill      XL: |  1  2  3  4  5 |
---------------+----------------+-----
Armour         | 1 2 |  2.6
Staves         | 4 5 |  5.0
Dodging        | 3 |  3.3
Fighting       | |  2.1
Throwing       | |  1.7

Action                   |  1- 3 |  4- 6 || total
-------------------------+-------+-------++-------
Melee: Quarterstaff      |    95 |   229 ||   324
Throw: Throwing net      |       |     1 ||     1
  Use: Scroll            |       |     4 ||     4
       Potion            |       |     1 ||     1
 Stab: Held in net/web   |       |     2 ||     2
  Eat: Chunk             |     1 |     5 ||     6
Armor: Leather armour    |    17 |       ||    17
       Chain mail        |    22 |   178 ||   200
Dodge: Dodged            |    58 |   108 ||   166

Table legend:
 A = Non-vault XP
 B = Vault XP
 C = Vault XP percentage of total XP
 D = Non-vault monster count
 E = Vault monster count
 F = Vault count percentage of total count
                 A         B        C        D         E       F
            +---------+---------+-------+---------+---------+-------
      Total |     292 |       0 |   0.0 |      85 |       0 |   0.0
            +---------+---------+-------+---------+---------+-------
        D:1 |      33 |       0 |   0.0 |      15 |       0 |   0.0
        D:2 |     118 |       0 |   0.0 |      38 |       0 |   0.0
        D:3 |      99 |       0 |   0.0 |      31 |       0 |   0.0
        D:4 |      42 |       0 |   0.0 |       1 |       0 |   0.0
            +---------+---------+-------+---------+---------+-------
